 Dungeon Crawl Stone Soup version 0.22-a0-542-gce4f928 (webtiles) character file.

476 vierth the Chopper (level 6, -1/56 HPs)
             Began as a Minotaur Fighter on June 24, 2018.
             Slain by Pikel
             ... wielding a +1 whip of electrocution
              (6 damage)
             ... on level 4 of the Dungeon.
             The game lasted 00:06:16 (3588 turns).

vierth the Chopper (Minotaur Fighter)               Turns: 3588, Time: 00:06:17

Health: -1/56      AC: 11    Str: 22    XL:     6   Next: 85%
Magic:  5/5        EV:  6    Int:  5    God:
Gold:   268        SH: 10    Dex: 10    Spells: 5/5 levels left

rFire    . . .     SeeInvis .   a - +0 war axe
rCold    . . .     Gourm    .   c - +0 shield
rNeg     . . .     Faith    .   l - +0 chain mail
rPois    .         Spirit   .   (helmet restricted)
rElec    .         Reflect  .   (no cloak)
rCorr    .         Harm     .   e - +0 pair of gloves
MR       +....                  (no boots)
Stlth    ..........             (no amulet)
HPRegen  0.18/turn              i - ring of protection from magic
MPRegen  0.09/turn              (no ring)

@: no status effects
A: retaliatory headbutt, horns 2
a: no special abilities


You were on level 4 of the Dungeon.
You were not hungry.

You visited 1 branch of the dungeon, and saw 4 of its levels.

You collected 268 gold pieces.

Inventory:

Hand Weapons
 a - a +0 war axe (weapon)
Armour
 c - a +0 shield (worn)
 e - a +0 pair of gloves (worn)
 l - a +0 chain mail (worn)
Jewellery
 i - a ring of protection from magic (left hand)
Scrolls
 b - a scroll of enchant weapon {unknown}
 h - a scroll of identify
 j - a scroll of teleportation {unknown}
 k - a scroll of remove curse {unknown}
 m - 2 scrolls of magic mapping
Potions
 d - 2 potions of might
 g - a potion of flight {unknown}
 n - a potion of berserk rage {unknown}
Comestibles
 f - 7 rations


   Skills:
 + Level 5.2 Fighting
 * Level 5.8 Axes
 + Level 5.3 Armour
 + Level 5.3 Shields


You had 5 spell levels left.
You didn't know any spells.
Your spell library was empty.

Dungeon Overview and Level Annotations

Branches:
Dungeon (4/15)
 Temple: D:4-7

Altars:
Nemelex Xobeh
Yredelemnul

Annotations:
D:4 Pikel


Innate Abilities, Weirdness & Mutations

You reflexively headbutt those who attack you in melee.
You have a pair of horns on your head.


Message History

Pikel is severely wounded.
Pikel hits you but does no damage.
You are electrocuted!
* * * LOW HITPOINT WARNING * * *
You hit Pikel but do no damage.
Pikel is severely wounded.
You block Pikel's attack.
You barely miss Pikel.
Pikel is severely wounded.
You block Pikel's attack. x2
You hit Pikel but do no damage. You headbutt Pikel, but do no damage.
Pikel is severely wounded.
Pikel hits you but does no damage.
Your shield and chain mail prevent you from hitting Pikel.
Pikel is severely wounded.
You block Pikel's attack.
You barely miss Pikel.
Pikel is severely wounded.
Pikel hits you but does no damage.
Pikel hits you with a whip of electrocution.
You die... pKp

#.# ##...(..###.##§.§ ....
#.#.##..........##...
.....##.#.###'#######.##§.§
..........# #.# #.##._. #K#
#.# #.##§.§ #.# #.# #.#####
#.# #.# #.#
###p#####.#######.#
#..ppK@...........#
###.############### ###


You could see Pikel and 3 slaves.

Vanquished Creatures
  Grinder (D:4)
  A water moccasin (D:3)
  A worker ant (D:4)
  A hound skeleton (D:4)
  Robin (D:3)
  4 gnolls
  An ooze (D:3)
  A worm (D:4)
  3 dart slugs
  2 leopard geckos
  2 giant cockroaches
  13 goblins
  7 hobgoblins
  9 jackals
  4 bats
  2 frilled lizards
  9 kobolds
  3 rats
65 creatures vanquished.

Notes
Turn   | Place    | Note
-------+----------+-------------------------------------------
     0 | D:1      | vierth the Minotaur Fighter began the quest for the Orb.
     0 | D:1      | Reached XP level 1. HP: 19/19 MP: 0/0
   227 | D:1      | Reached XP level 2. HP: 27/27 MP: 1/1
  1016 | D:2      | Reached XP level 3. HP: 30/33 MP: 2/2
  1515 | D:3      | Found a sparkling altar of Nemelex Xobeh.
  1761 | D:4      | Reached XP level 4. HP: 18/40 MP: 3/3
  2078 | D:3      | Noticed a water moccasin
  2091 | D:3      | Killed a water moccasin
  2091 | D:3      | Reached XP level 5. HP: 3/47 MP: 4/4
  2574 | D:3      | Noticed Robin
  2614 | D:3      | Killed Robin
  3256 | D:4      | Noticed Grinder
  3269 | D:4      | Paralysed by Grinder for 3 turns
  3274 | D:4      | Killed Grinder
  3274 | D:4      | Reached skill level 5 in Fighting
  3274 | D:4      | Reached skill level 5 in Axes
  3274 | D:4      | Reached skill level 5 in Armour
  3274 | D:4      | Reached skill level 5 in Shields
  3274 | D:4      | Reached XP level 6. HP: 23/56 MP: 5/5
  3510 | D:4      | Found a basalt altar of Yredelemnul.
  3554 | D:4      | Noticed Pikel
  3554 | D:4      | Noticed a slave
  3554 | D:4      | Noticed a slave
  3576 | D:4      | Noticed a slave
  3581 | D:4      | Noticed a slave
  3588 | D:4      | Slain by Pikel

Vault maps used:
D:1:      elethiomel_arrival_quiet
D:2:      serial_glass, glass_columns_b, glass_columns_b
D:3:      nemelex_altar_shiori, uniq_robin
D:4:      grunt_temple_overflow_holy_war, minmay_a_box_with_orc_wizards_in_it,
          uniq_pikel, uniq_grinder

Skill      XL: |  1  2  3  4  5 |
---------------+----------------+-----
Shields        | 4 5 |  5.3
Axes           | 3 4 5 |  5.8
Fighting       | 4 5 |  5.2
Armour         | 4 5 |  5.3

Action                   |  1- 3 |  4- 6 || total
-------------------------+-------+-------++-------
Melee: War axe           |    85 |   108 ||   193
       Headbutt          |    10 |    27 ||    37
  Use: Scroll            |     2 |     1 ||     3
       Potion            |       |     1 ||     1
  Eat: Ration            |     1 |     2 ||     3
       Chunk             |     1 |       ||     1
Armor: Scale mail        |    22 |       ||    22
       Chain mail        |    38 |    43 ||    81
Dodge: Dodged            |    24 |    21 ||    45
Block: Shield            |    51 |    50 ||   101

Table legend:
 A = Spawn XP
 B = Non-spawn XP
 C = Spawn XP percentage of total XP
 D = Spawn monster count
 E = Non-spawn monster count
 F = Spawn count percentage of total count
 G = Total turns spent on level
                    A         B        C        D         E        F      G
               +---------+---------+-------+---------+---------+-------+---------
         Total |       0 |     681 |   0.0 |       0 |      65 |   0.0 |  3588
               +---------+---------+-------+---------+---------+-------+---------
           D:1 |       0 |      28 |   0.0 |       0 |      16 |   0.0 |   629
           D:2 |       0 |      19 |   0.0 |       0 |       8 |   0.0 |   727
           D:3 |       0 |     236 |   0.0 |       0 |      29 |   0.0 |  1472
           D:4 |       0 |     398 |   0.0 |       0 |      12 |   0.0 |   760
               +---------+---------+-------+---------+---------+-------+---------
